 Dungeon Crawl Stone Soup version 0.28-a0-973-ga7f8b01127 (webtiles) character file.

Game seed: 6655716470486078425

214535 belegose the Nimble (level 19, -3/120 HPs)
             Began as a Kobold Brigand on Nov 30, 2021.
             Was a High Priest of Okawaru.
             Slain by a manticore (8 damage)
             ... on level 4 of the Shoals on Dec 1, 2021.
             The game lasted 05:05:04 (62144 turns).

belegose the Nimble (Kobold Brigand)               Turns: 62144, Time: 05:05:05

Health: -3/120     AC: 24    Str: 15    XL:     19   Next: 72%
Magic:  28/28      EV: 15    Int: 13    God:    Okawaru [*****.]
Gold:   2509       SH: 12    Dex: 19    Spells: 18/26 levels left

rFire   . . .      SeeInvis .   b - +2 rapier (venom)
rCold   + . .      Faith    .   Y - +0 buckler {rC+}
rNeg    . . .      Spirit   .   o - +2 chain mail {Will+}
rPois   +          Reflect  +   F - +0 helmet
rElec   .          Harm     .   T - +1 cloak {Stlth+}
rCorr   .          Rampage  +   H - +1 pair of gloves {Str+3}
Will    ++...                   V - +2 pair of boots {rampage}
Stlth   +++++.....              j - amulet of reflection
HPRegen 0.30/turn               f - +4 ring of protection
MPRegen 0.21/turn               O - ring of poison resistance

@: no status effects
A: small, no large weapons, nightstalker 3
}: 1/15 runes: barnacled
a: Renounce Religion, Heroism, Finesse, Duel


You were on level 4 of the Shoals.
You worshipped Okawaru.
Okawaru was extremely pleased with you.
You visited 6 branches of the dungeon, and saw 32 of its levels.
You also visited: Bailey and Ice Cave.

You collected 3763 gold pieces.
You spent 1254 gold pieces at shops.

Inventory:

Hand Weapons
 a - a +7 demon blade of flaming
 b - a +2 rapier of venom (weapon)
Missiles
 d - 41 poisoned darts (quivered)
 m - 5 silver boomerangs
 n - 3 curare-tipped darts
 r - 264 bolts
 t - 108 boomerangs
 y - 23 throwing nets
Armour
 o - a +2 chain mail of willpower (worn)
 x - a +0 troll leather armour
 F - a +0 helmet (worn)
 H - a +1 pair of gloves of strength (worn)
 J - +0 acid dragon scales
 K - a scarf of resistance
 T - a +1 cloak of stealth (worn)
 V - a +2 pair of boots of rampaging (worn)
 Y - a +0 buckler of cold resistance (worn)
Jewellery
 c - a ring of protection from fire
 f - a +4 ring of protection (left hand)
 j - an amulet of reflection (around neck)
 A - a ring of flight
 E - a ring of willpower
 I - an amulet of guardian spirit
 O - a ring of poison resistance (right hand)
 U - a ring of positive energy
 W - a ring of protection from cold
Wands
 i - a wand of paralysis (5)
 v - a wand of mindburst (7)
 w - a wand of flame (5)
 N - a wand of polymorph (26)
 R - a wand of digging (8)
 X - a wand of iceblast (6)
 Z - a wand of acid (12)
Scrolls
 g - 4 scrolls of silence
 h - 4 scrolls of magic mapping
 p - 7 scrolls of teleportation
 q - a scroll of fog
 s - 4 scrolls of identify
 C - a scroll of amnesia
Potions
 e - 7 potions of flight
 l - 3 potions of curing
 u - 6 potions of might
 z - 3 potions of heal wounds
 B - a potion of mutation
 D - 2 potions of cancellation
 G - 3 potions of ambrosia
 L - a potion of magic
 M - 6 potions of lignification
 Q - 2 potions of resistance
Miscellaneous
 S - a lightning rod (4/4)


   Skills:
 - Level 13.9 Fighting
 - Level 6.2(13.8) Short Blades
 + Level 12.6(12.9) Long Blades
 - Level 10.0 Crossbows
 - Level 11.0 Throwing
 - Level 5.0 Armour
 + Level 14.1 Dodging
 - Level 14.0 Stealth
 - Level 5.6 Shields
 - Level 4.0 Spellcasting
 - Level 4.0 Translocations
 - Level 4.0 Transmutations
 - Level 6.0 Air Magic
 - Level 4.0 Earth Magic
 - Level 13.0 Invocations
 - Level 12.0 Evocations


You had 18 spell levels left.
You knew the following spells:

 Your Spells              Type           Power      Damage    Failure   Level
a - Passwall              Tmut/Erth      10%        N/A       71%         2
b - Apportation           Tloc           26%        N/A       56%         1
c - Swiftness             Air            18%        N/A       67%         3
d - Blink                 Tloc           26%        N/A       71%         2

Your spell library contained the following spells:

 Spells                   Type           Power      Damage    Failure   Level
 Sting                    Tmut/Pois      28%        1d4       85%         1
 Poisonous Vapours        Pois/Air       20%        N/A       85%         2
 Static Discharge         Conj/Air       10%        N/A       85%         2
 Gell's Gravitas          Tloc           13%        N/A       91%         3
 Lesser Beckoning         Tloc           13%        N/A       91%         3
 Teleport Other           Tloc           13%        N/A       91%         3
 Airstrike                Air            9%         N/A       97%         4
 Magic Dart               Conj           8%         1d3       98%         1
 Pain                     Necr           8%         1d4       98%         1
 Scorch                   Fire           4%         2d5       99%         2
 Searing Ray              Conj           4%         2d4       99%         2
 Portal Projectile        Hex/Tloc       14%        N/A       99%         3
 Stone Arrow              Conj/Erth      14%        3d7       99%         3
 Vampiric Draining        Necr           2%         2d6       100%        3
 Dispel Undead            Necr           2%         3d7       100%        4
 Flame Wave               Conj/Fire      2%         2d4       100%        4
 Fulminant Prism          Conj/Hex       1%         3d6       100%        4
 Iskenderun's Mystic Bla  Conj/Tloc      7%         2d4       100%        4
 Leda's Liquefaction      Hex/Erth       3%         N/A       100%        4
 Olgreb's Toxic Radiance  Pois           2%         N/A       100%        4
 Passage of Golubria      Tloc           13%        N/A       100%        4
 Sticky Flame             Conj/Fire      2%         2d3       100%        4
 Agony                    Necr           2%         N/A       100%        5
 Alistair's Intoxication  Tmut/Pois      4%         N/A       100%        5
 Blade Hands              Tmut           6%         N/A       100%        5
 Excruciating Wounds      Necr           1%         N/A       100%        5
 Lee's Rapid Deconstruct  Erth           6%         3d7*      100%        5
 Lightning Bolt           Conj/Air       5%         1d17      100%        5
 Manifold Assault         Tloc           13%        N/A       100%        5
 Silence                  Hex/Air        5%         N/A       100%        5
 Yara's Violent Unravell  Hex/Tmut       3%         3d4       100%        5
 Conjure Ball Lightning   Conj/Air       5%         3x3d6     100%        6
 Dispersal                Tloc           6%         N/A       100%        6
 Iron Shot                Conj/Erth      3%         9d2       100%        6
 Statue Form              Tmut/Erth      8%         N/A       100%        6
 Discord                  Hex            1%         N/A       100%        8
 Disjunction              Tloc           6%         N/A       100%        8
 Lehudib's Crystal Spear  Conj/Erth      3%         10d3      100%        8
 Animate Skeleton         Necr           Unusable   N/A       N/A         1
 Tukima's Dance           Hex            Unusable   N/A       N/A         3
 Animate Armour           Summ/Erth      Unusable   N/A       N/A         4
 Summon Lightning Spire   Summ/Air       Unusable   N/A       N/A         4
 Summon Cactus Giant      Summ           Unusable   N/A       N/A         6

Dungeon Overview and Level Annotations

Branches:
Dungeon (15/15)            Temple (1/1) D:7            Lair (6/6) D:8
 Shoals (4/4) Lair:2       Spider (4/4) Lair:2          Orc (2/2) D:11
    Elf (0/3) Orc:2        Vaults (0/5) D:13         Depths (0/4) D:15
 Bailey (visited)           IceCv (visited)
  Slime: Lair:5-6

Altars:
Cheibriados
Gozag
Hepliaklqana
Okawaru
Zin
Beogh

Shops:
D:1 *   D:14 ?   D:15 [   Orc:2 *([:

Annotations:
D:14 Roxanne
Lair:1 exclusions: basilisk and black mamba
Lair:3 2 transporters, ThanksArdit's ghost, journeyman MiGl
Shoals:2 Ilsuiw
Spider:1 exclusion: downstairs
Spider:4 2 transporters, browni3141's ghost, journeyman DgFi


Innate Abilities, Weirdness & Mutations

You are small and have problems with some larger weapons.
You are completely attuned to the shadows.


Message History

The merfolk hits you but does no damage.
You block the merfolk impaler's attack.
The merfolk hits you from afar with a +0 halberd!
* * * LOW HITPOINT WARNING * * *
The manticore bites you.
* * * LOW HITPOINT WARNING * * *
The manticore claws you but does no damage.
The manticore misses you.
Unknown command.
Okay, then.
Okay, then.
Okay, then.
Drinking this now will have no effect.
Okay, then.
As you read the scroll of fear, it crumbles to dust.
You assume a fearsome visage.
The wind drake looks frightened!
The manticore looks frightened!
The merfolk impaler looks frightened!
The merfolk looks frightened! x2; The merfolk easily resists.
The manticore looks more healthy.
The merfolk hits you from afar with a +0 halberd!
* * * LOW HITPOINT WARNING * * *
The barbed spikes dig painfully into your body as you move.
* * * LOW HITPOINT WARNING * * *
You carefully extract the barbed spikes from your body.
The merfolk misses you.
Okay, then.
The merfolk closely misses you.
A water elemental comes into view.
The merfolk hits you from afar with a +0 halberd!
* * * LOW HITPOINT WARNING * * *
The manticore bites you.
* * * LOW HITPOINT WARNING * * *
The manticore claws you but does no damage.
The manticore claws you.
* * * LOW HITPOINT WARNING * * *
You closely miss the manticore.
The manticore is severely wounded.
The manticore is no longer covered in acid.
The manticore bites you!
You die...

≈..≈≈≈≈≈≈ ....≈≈≈≈≈≈
....≈≈≈≈≈≈ #...≈≈≈≈E≈
#@...≈≈≈≈≈≈
#≈H##m..≈≈≈≈≈
≈m≈m#≈...≈≈≈≈≈
≈#≈#≈≈##....≈≈≈≈
≈≈)≈k≈#≈≈....)≈≈
≈#k#≈≈##.....≈≈≈
≈(≈mmH##.....≈≈####
##. ≈##
#≈(#≈.....≈##≈≈##≈.#
≈≈≈#
#####≈≈≈....##≈≈≈≈≈≈.#


You could see a merfolk impaler, a wind drake (repels missiles), 2 merfolk and a
manticore.

Vanquished Creatures
  Nikola (Spider:1)
  Asterion (Spider:2)
  Donald (Spider:2)
  An orc warlord (Orc:1)
  2 frost giants (Shoals:3)
  A ghost moth (Spider:3)
  2 emperor scorpions (Spider:2)
  Louise (Spider:2)
  A reaper (IceCv)
  Azrael (D:15)
  2 entropy weavers
  Snorg (Lair:4)
  4 merfolk javelineers (Shoals:4)
  8 merfolk impalers
  A fire dragon (Spider:1)
  A great orb of eyes (Spider:4)
  3 boulder beetles
  A vault guard (D:13)
  An ice dragon (Lair:2)
  An alligator snapping turtle (Shoals:4)
  Harold (D:10)
  19 hydras
  2 catoblepae
  2 centaur warriors
  A death knight (D:14)
  6 merfolk aquamancers
  4 merfolk avatars
  3 two-headed ogres
  24 death yaks
  An orc high priest (Orc:1)
  Urug (Orc:1)
  7 skeletal warriors
  5 sea snakes
  A lindwurm (Lair:4)
  A phantasmal warrior (D:14)
  A wizard (D:15)
  7 harpies
  6 deep elf zephyrmancers
  3 deep elf pyromancers
  A necromancer (D:15)
  5 orc knights
  19 wolf spiders
  11 orb spiders
  14 manticores
  A faun (Shoals:2)
  7 orc sorcerers
  17 ugly things
  3 moths of wrath
  9 elephants
  11 cyclopes
  An ice statue (Lair:2)
  Joseph (D:9)
  14 merfolk sirens
  2 naga magi (D:15)
  6 water nymphs
  6 black mambas
  2 gargoyles
  Psyche (D:8)
  3 torpor snails
  10 komodo dragons
  20 cane toads
  A kobold demonologist (D:14)
  3 efreet
  4 yaktaurs (D:15)
  An anaconda simulacrum (IceCv)
  2 rime drakes (Lair:2)
  3 freezing wraiths
  14 demonic crawlers
  6 ice devils
  A queen bee (D:13)
  8 polar bears
  41 merfolk
  38 jumping spiders
  6 hornets
  6 meliai
  4 trolls
  11 wind drakes
  12 blink frogs
  5 slime creatures (D:12)
  A blink frog (shapeshifter) (D:13)
  Grinder (D:6)
  8 dream sheep
  A meliai zombie (D:15)
  9 snapping turtles
  7 wyverns
  32 tarantellas
  74 redbacks
  11 water elementals
  A shadow (D:11)
  A vampire (D:14)
  A golden eye (Lair:1)
  Grum (Lair:1)
  2 steam dragons
  4 basilisks
  4 fire elementals (D:15)
  52 yaks
  4 death yak simulacra
  13 vampire mosquitoes
  5 wargs
  3 acid dragons
  3 hell hounds (D:15)
  26 water moccasins
  36 orc warriors
  An ice beast (D:7)
  A sky beast (D:5)
  2 black bears
  A necrophage (D:8)
  5 ogres
  3 boggarts
  18 wolves
  14 centaurs
  3 phantoms
  3 kobold brigands
  12 bullfrogs
  3 two-headed ogre simulacra
  A water moccasin zombie (D:5)
  A cane toad simulacrum (IceCv)
  21 killer bees
  3 troll zombies (D:11)
  10 wights (D:8)
  2 electric eels
  2 howler monkeys
  2 bullfrog zombies (D:5)
  A jelly (D:8)
  4 centaur zombies
  A gnoll shaman (D:7)
  3 hounds
  A centaur skeleton (D:7)
  27 orc priests
  2 bullfrog skeletons
  2 iguanas
  24 orc wizards
  2 polar bear simulacra (IceCv)
  3 spriggan simulacra (IceCv)
  A troll simulacrum (IceCv)
  2 wolf simulacra
  3 ogre zombies (D:11)
  A hound skeleton (D:5)
  2 howler monkey zombies
  A howler monkey skeleton (D:7)
  10 gnolls
  7 adders
  2 naga simulacra (IceCv)
  7 white imps
  3 ufetubi
  An adder skeleton (D:5)
  A worm (D:2)
  A dart slug (D:1)
  79 orcs
  4 ball pythons
  6 endoplasms
  3 giant cockroaches
  13 goblins
  6 hobgoblins
  2 jackals (D:3)
  29 kobolds
  2 quokkas
  7 bats
  5 frilled lizards
  2 goblin skeletons (D:11)
  3 goblin zombies (D:11)
  6 hobgoblin zombies (D:11)
  2 orc skeletons (D:11)
  6 orc zombies (D:11)
  7 rats
1162 creatures vanquished.

Vanquished Creatures (others)
  A merfolk avatar (Shoals:4)
  41 fungi
  229 plants
271 creatures vanquished.

Grand Total: 1433 creatures vanquished

Notes
Turn   | Place    | Note
-------+----------+-------------------------------------------
     0 | D:1      | belegose the Kobold Brigand began the quest for the Orb.
     0 | D:1      | Reached XP level 1. HP: 12/12 MP: 1/1
   285 | D:1      | Reached XP level 2. HP: 18/18 MP: 2/2
   466 | D:1      | Found Zaufeuv's General Store.
   759 | D:1      | Reached XP level 3. HP: 22/22 MP: 3/3
  1353 | D:2      | Found an iron altar of Okawaru.
  1378 | D:2      | Became a worshipper of Warmaster Okawaru
  1795 | D:3      | Reached XP level 4. HP: 22/27 MP: 4/4
  2350 | D:3      | Reached skill level 1 in Invocations
  2350 | D:3      | Reached XP level 5. HP: 28/32 MP: 5/5
  2956 | D:3      | Upgraded the game from 0.28-a0-938-gbc3f381ebc to
                  | 0.28-a0-957-g42eb19b844
  2956 | D:3      | Reached XP level 6. HP: 37/37 MP: 7/7
  4369 | D:5      | Entered Level 5 of the Dungeon
  4625 | D:5      | Reached * piety under Okawaru
  4756 | D:5      | Noticed a water moccasin
  4761 | D:5      | Killed a water moccasin
  4762 | D:5      | Reached XP level 7. HP: 13/42 MP: 8/8
  5020 | D:5      | Reached skill level 5 in Short Blades
  5026 | D:5      | Reached ** piety under Okawaru
  5518 | D:5      | Reached XP level 8. HP: 48/48 MP: 10/10
  5850 | D:6      | Noticed Grinder
  6966 | D:6      | Paralysed by Grinder for 5 turns
  6978 | D:6      | Paralysed by Grinder for 2 turns
  6985 | D:6      | Killed Grinder
  7615 | D:6      | Reached *** piety under Okawaru
  7616 | D:6      | Reached skill level 5 in Fighting
  7616 | D:6      | Reached skill level 5 in Throwing
  7616 | D:6      | Reached skill level 5 in Dodging
  7789 | D:6      | Reached XP level 9. HP: 51/54 MP: 9/12
  7935 | D:7      | Reached skill level 1 in Long Blades
  8722 | D:7      | Found a staircase to the Ecumenical Temple.
  8768 | Temple   | Entered the Ecumenical Temple
  8785 | D:7      | Found an opulent altar of Gozag.
  8851 | D:7      | Noticed a hornet
  8859 | D:7      | Killed a hornet
  8860 | D:7      | Reached skill level 5 in Invocations
  9315 | D:8      | Reached **** piety under Okawaru
  9714 | D:8      | Reached XP level 10. HP: 60/60 MP: 14/14
  9830 | D:8      | Received a gift from Okawaru
 10305 | D:8      | Found a staircase to the Lair.
 10338 | D:8      | Received a gift from Okawaru
 10533 | D:8      | Reached skill level 10 in Stealth
 10873 | D:8      | Noticed a two-headed ogre
 10900 | D:8      | Killed a two-headed ogre
 10900 | D:8      | Received a gift from Okawaru
 10900 | D:8      | Reached ***** piety under Okawaru
 11105 | D:8      | You fall into a shaft and drop 3 floors!
 11117 | D:10     | Entered Level 10 of the Dungeon
 11163 | D:10     | Reached XP level 11. HP: 64/67 MP: 14/16
 11410 | D:10     | Noticed a two-headed ogre
 11414 | D:10     | Killed a two-headed ogre
 11414 | D:10     | Received a gift from Okawaru
 11415 | D:10     | Reached skill level 1 in Armour
 11651 | D:8      | Noticed Maurice
 12260 | D:9      | Noticed Joseph
 12265 | D:9      | Killed Joseph
 12661 | D:8      | Noticed Maurice
 12661 | D:8      | Maurice changed into Maurice the water moccasin
 12669 | D:8      | Killed Maurice the water moccasin
 12770 | D:8      | Noticed Psyche
 12797 | D:8      | Killed Psyche
 12798 | D:8      | Reached skill level 5 in Evocations
 13158 | D:7      | Received a gift from Okawaru
 13722 | D:10     | Noticed Harold
 13749 | D:10     | Killed Harold
 13749 | D:10     | Received a gift from Okawaru
 14118 | D:11     | Noticed a cyclops
 14130 | D:11     | Killed a cyclops
 14316 | D:11     | Found a staircase to the Orcish Mines.
 14317 | D:11     | Noticed an orc sorcerer
 14463 | D:11     | Killed an orc sorcerer
 15178 | D:11     | Reached XP level 12. HP: 73/73 MP: 9/17
 15658 | D:11     | Noticed a two-headed ogre
 15717 | D:11     | Killed a two-headed ogre
 15963 | D:11     | Received a gift from Okawaru
 16111 | Lair:1   | Entered Level 1 of the Lair of Beasts
 16406 | Lair:1   | Noticed a seven-headed hydra
 16502 | Orc:1    | Entered Level 1 of the Orcish Mines
 16508 | Orc:1    | Received a gift from Okawaru
 17711 | Orc:2    | Entered Level 2 of the Orcish Mines
 18090 | Orc:2    | Found a staircase to the Elven Halls.
 18315 | Orc:2    | Noticed an orc high priest
 18333 | Orc:2    | Noticed Urug
 18343 | Orc:1    | Killed an orc high priest
 18415 | Orc:1    | Killed Urug
 18890 | Orc:2    | Reached XP level 13. HP: 47/80 MP: 19/19
 19271 | Orc:2    | Paralysed by an orc sorcerer for 3 turns
 19452 | Orc:2    | Noticed an orc warlord
 19468 | Orc:1    | Paralysed by an orc sorcerer for 7 turns
 19654 | Orc:1    | Killed an orc warlord
 19654 | Orc:1    | Received a gift from Okawaru
 19655 | Orc:1    | Reached skill level 5 in Long Blades
 20292 | Orc:2    | Identified the +1 rapier "Vumiev" {protect, *Slow Str+2
                  | Int+2} (Okawaru gifted it to you on level 2 of the Orcish
                  | Mines)
 20292 | Orc:2    | Received a gift from Okawaru
 20397 | Orc:2    | Found Follic's Book Emporium.
 20413 | Orc:2    | Found Obe Raj's Antique Armour Emporium.
 20443 | Orc:2    | Found Giffearch's General Store.
 20456 | Orc:2    | Bought 2 curare-tipped darts for 14 gold pieces
 20467 | Orc:2    | Found Jipiadepn's Antique Weapon Emporium.
 20472 | Orc:2    | Bought a glowing hand crossbow for 175 gold pieces
 20648 | Orc:2    | Bought a buckler for 144 gold pieces
 20648 | Orc:2    | Bought a bloodstained leather armour for 224 gold pieces
 20648 | Orc:2    | Identified the +1 leather armour of Touc {Rampage rC+} (You
                  | bought it in a shop on level 2 of the Orcish Mines)
 20656 | Orc:2    | Bought a shiny ring mail for 224 gold pieces
 20923 | D:8      | Killed a seven-headed hydra
 20924 | D:8      | Reached skill level 1 in Shields
 20975 | Lair:1   | Noticed Grum
 21050 | Lair:1   | Killed Grum
 21282 | Lair:1   | Noticed a five-headed hydra
 21286 | Lair:1   | Killed a five-headed hydra
 21356 | Lair:1   | Noticed Sonja
 21361 | Lair:1   | Noticed Sonja
 21361 | Lair:1   | Sonja changed into Sonja the golden eye
 21632 | Lair:1   | Killed Sonja the golden eye
 22327 | Lair:2   | Noticed a four-headed hydra
 22329 | Lair:2   | Killed a four-headed hydra
 22507 | Lair:2   | Reached XP level 14. HP: 73/87 MP: 21/21
 22513 | Lair:2   | Reached ****** piety under Okawaru
 22513 | Lair:2   | Received a gift from Okawaru
 22553 | Lair:2   | Identified the +1 mace of Raitasem {protect, Str+3}
 22563 | Lair:2   | Reached skill level 5 in Shields
 23106 | Lair:2   | Reached skill level 10 in Fighting
 23115 | Lair:2   | Reached skill level 1 in Crossbows
 23762 | Lair:2   | Found a hole to the Spider Nest.
 23795 | Lair:2   | Received a gift from Okawaru
 24466 | Lair:3   | Found a frozen archway.
 24472 | IceCv    | Entered an ice cave
 25658 | IceCv    | Reached skill level 10 in Dodging
 25675 | IceCv    | Reached skill level 10 in Invocations
 25677 | IceCv    | Noticed a reaper
 25698 | IceCv    | Killed a reaper
 26066 | IceCv    | Received a gift from Okawaru
 26971 | Lair:2   | Received a gift from Okawaru
 26972 | Lair:2   | Reached skill level 10 in Evocations
 27147 | Lair:2   | Identified the +0 ring mail of the Vaults {rN+ Int+4 Dex-3
                  | Stlth+}
 27830 | Lair:2   | Found a staircase to the Shoals.
 28114 | Lair:3   | Found a transporter.
 28382 | Lair:3   | Noticed ThanksArdit's ghost (journeyman MiGl)
 28401 | Lair:3   | Found a transporter.
 28877 | Lair:4   | Noticed Snorg
 28890 | Lair:4   | Reached XP level 15. HP: 85/93 MP: 22/22
 28897 | Lair:4   | Killed Snorg
 28912 | Lair:4   | Received a gift from Okawaru
 28964 | Lair:4   | Reached skill level 5 in Crossbows
 28972 | Lair:4   | Received a gift from Okawaru
 29241 | Lair:4   | Received a gift from Okawaru
 29668 | Lair:4   | Identified the +4 rapier "Azecovod" {vorpal, Fragile rElec
                  | rPois Dex-5 SInv}
 29844 | Lair:4   | Received a gift from Okawaru
 30082 | Lair:4   | Identified a scroll of acquirement
 30082 | Lair:4   | Acquired the +3 hand crossbow of the Twisting Shark {elec,
                  | Drain Int+8}
 30238 | Lair:4   | Received a gift from Okawaru
 31815 | Lair:5   | Received a gift from Okawaru
 32203 | Lair:6   | Entered Level 6 of the Lair of Beasts
 32444 | Lair:5   | Reached XP level 16. HP: 90/101 MP: 24/24
 32456 | Lair:5   | Received a gift from Okawaru
 32723 | Lair:6   | Received a gift from Okawaru
 34177 | D:12     | Received a gift from Okawaru
 34735 | D:13     | Acquired an amulet of reflection
 35674 | D:13     | Found a gate to the Vaults.
 35798 | D:14     | Found a flagged portal.
 35868 | Bailey   | Entered a bailey
 36335 | Bailey   | Identified the +6 halberd of Shame {drain, rElec rF- rN+
                  | Str+8}
 36741 | D:14     | Identified Roxanne's Grimoire of Clay
 36741 | D:14     | Noticed Roxanne
 37264 | D:14     | Identified the +3 leather armour of Famuirch {rC+ rN+}
 37351 | D:14     | Found Novycw's Magic Scroll Shoppe.
 37358 | D:14     | Bought a scroll of teleportation for 39 gold pieces
 37714 | D:15     | Entered Level 15 of the Dungeon
 37930 | D:15     | Found Letiuvon's Antique Armour Shop.
 37938 | D:15     | Reached XP level 17. HP: 108/108 MP: 26/26
 38080 | D:14     | Identified the +5 quarterstaff "Habocyc" {protect, Fragile
                  | +Blink Dex+6} (Okawaru gifted it to you on level 14 of the
                  | Dungeon)
 38080 | D:14     | Received a gift from Okawaru
 38255 | D:15     | Bought a pair of glowing gloves for 240 gold pieces
 38404 | D:15     | Found a staircase to the Depths.
 38877 | D:15     | Reached skill level 10 in Crossbows
 39783 | D:15     | Noticed Azrael
 39994 | D:15     | Killed Azrael
 40647 | Spider:1 | Entered Level 1 of the Spider Nest
 40964 | Spider:2 | Noticed Donald
 40967 | Spider:2 | Killed Donald
 40979 | Spider:1 | Received a gift from Okawaru
 41028 | Spider:1 | Noticed Nikola
 41037 | Spider:1 | Killed Nikola
 42697 | Spider:2 | Acquired 951 gold pieces
 42720 | Spider:2 | Noticed Asterion
 42801 | Spider:1 | Received a gift from Okawaru
 43092 | Spider:1 | Learned a level 2 spell: Passwall
 43205 | Spider:2 | Reached skill level 1 in Transmutations
 43205 | Spider:2 | Reached skill level 1 in Earth Magic
 43609 | Spider:2 | Noticed Louise
 43625 | Spider:2 | Killed Louise
 43637 | Spider:2 | Learned a level 1 spell: Apportation
 43729 | Spider:2 | Reached skill level 1 in Spellcasting
 43996 | Spider:2 | Reached skill level 1 in Translocations
 44708 | Spider:2 | Killed Asterion
 44804 | Spider:2 | Reached XP level 18. HP: 116/116 MP: 27/27
 45810 | Spider:3 | Reached skill level 5 in Armour
 46538 | Spider:3 | Received a gift from Okawaru
 46664 | Spider:4 | Entered Level 4 of the Spider Nest
 47159 | Spider:3 | Learned a level 3 spell: Swiftness
 47227 | Spider:4 | Reached skill level 1 in Air Magic
 47366 | Spider:4 | Found a transporter.
 47366 | Spider:4 | Found a transporter.
 47401 | Spider:4 | Received a gift from Okawaru
 48234 | Spider:3 | Reached skill level 10 in Long Blades
 48746 | Spider:4 | Found a transporter.
 48746 | Spider:4 | Found a transporter.
 48820 | Spider:4 | Noticed browni3141's ghost (journeyman DgFi)
 50051 | D:14     | Bought a scroll of enchant weapon for 97 gold pieces
 50051 | D:14     | Bought a scroll of enchant weapon for 97 gold pieces
 50358 | Shoals:1 | Entered Level 1 of the Shoals
 51037 | Shoals:1 | Reached skill level 5 in Air Magic
 51043 | Shoals:1 | Learned a level 2 spell: Blink
 51392 | Shoals:2 | Noticed Ilsuiw
 53492 | Shoals:2 | Upgraded the game from 0.28-a0-957-g42eb19b844 to
                  | 0.28-a0-973-ga7f8b01127
 53908 | Shoals:2 | Reached XP level 19. HP: 120/120 MP: 28/28
 54767 | Shoals:2 | Received a gift from Okawaru
 55145 | Shoals:3 | Identified the +3 chain mail "Qedamp" {rElec rPois Stlth+}
 56258 | Shoals:4 | Entered Level 4 of the Shoals
 56474 | Shoals:3 | Reached skill level 10 in Throwing
 57523 | Shoals:4 | Received a gift from Okawaru
 58786 | Shoals:4 | Received a gift from Okawaru
 58802 | Shoals:4 | HP: 6/120 [poisoned by a merfolk aquamancer]
 60130 | Shoals:4 | HP: 3/120 [something/ball of steam (24)]
 61639 | Shoals:4 | Got a barnacled rune of Zot
 62143 | Shoals:4 | HP: 5/120 [manticore (2)]
 62144 | Shoals:4 | Slain by a manticore

Illustrated notes

Levels and vault maps discovered:
D:1:      saegor_arrival_fortress, layout_loops_ring, serial_shops, shop,
          nicolae_figureground_sparkle
D:2:      layout_basic, basic_altar, minivault_19, nicolae_figureground_pulse
D:3:      layout_basic, kennysheep_nub
D:4:      layout_loops_ring, kennysheep_boxes
D:5:      layout_basic, nicolae_fountain_basement
D:6:      layout_rooms, uniq_grinder
D:7:      layout_basic, mainiacjoe_overflow_catwalk,
          minmay_temple_entry_water_ring, kennysheep_small_square
D:8:      layout_gridville, minmay_lair_entry_grove, uniq_maurice, uniq_psyche
D:9:      layout_rooms, uniq_joseph
D:10:     layout_big_octagon, uniq_harold
D:11:     layout_cave_pods, zombieorc1_lemuel
D:12:     layout_basic, hex_tiny, palyth_stone_intersect
D:13:     layout_gridville, david_vaults_5, special_room [special_room_bee]
D:14:     layout_long_grid, serial_shops, nicolae_shop_waterfront,
          enter_bailey_5, minmay_misc_feat_alley, uniq_roxanne
D:15:     grunt_enter_depths_magical_seal, layout_layer_cave, serial_shops,
          shop, uniq_azrael
Temple:   compressed_dpeg_triangle_lava_temple
Lair:1:   layout_hall_layers, uniq_sonja, uniq_grum
Lair:2:   dreamdust_isle_of_ice, layout_regular_city, elwin_shoals_entry_rooms,
          spider_nest_entry_a, serial_bayou_lagoon_a, grunt_megastairs_3
Lair:3:   layout_chaotic_city, portal_ice_cave_entry_ice_simulacra,
          gammafunk_ghost_arena
Lair:4:   nzn_winding_woodlands_stair_cross [nzn_winding_woodlands_5x15_eye,
          nzn_winding_woodlands_center_pierced_h,
          nzn_winding_woodlands_5x15_twine, nzn_winding_woodlands_5x5_three,
          nzn_winding_woodlands_5x5_perimeter,
          nzn_winding_woodlands_5x15_concentric,
          nzn_winding_woodlands_center_triple_pond,
          nzn_winding_woodlands_5x15_pool], layout_cave_pods,
          gauntlet_entry_generic, columned_hall_lemuel,
          cheibrodos_lair_lostbears, uniq_snorg
Lair:5:   layout_roguey
Lair:6:   cheibrodos_lair_end_hotspot, layout_regular_city, slime_altar_1,
          serial_bayou_shore_a, uniq_kirke
Shoals:1: layout_shoals, nicolae_shoals_wave_tunnel
Shoals:2: layout_shoals, hangedman_shoals_cup_caves, uniq_ilsuiw
Shoals:3: layout_shoals, nicolae_shoals_nymph_descending_staircase
Shoals:4: shoals_end_grunt_ice, layout_shoals
Spider:1: layout_spider_delve, uniq_nikola
Spider:2: layout_spider_delve, drop_trap, uniq_donald, uniq_asterion,
          uniq_louise
Spider:3: layout_spider_delve, hangedman_spider_tarantella_strand
Spider:4: spider_rune_water, nzn_ghost_randoct
Orc:1:    layout_caves, basic_altar
Orc:2:    grunt_orc_cross, layout_caves, elves_outpost_lemuel

Skill      XL: |  1  2  3  4  5  6  7  8  9 10 11 12 13 14 15 16 17 18 19 |
---------------+----------------------------------------------------------+-----
Short Blades   | 3 4 5 6 |  6.2
Dodging        | 2 3 4 5 6 7 8 9 10 11 13 14 | 14.1
Fighting       | 3 4 5 6 7 8 9 10 11 13 | 13.9
Throwing       | 3 4 5 6 7 8 9 11 | 11.0
Stealth        | 6 7 8 9 10 11 12 13 14 | 14.0
Invocations    | 1 2 3 4 5 6 7 8 9 10 11 12 13 | 13.0
Long Blades    | 2 3 4 5 6 7 8 9 11 12 | 12.6
Armour         | 2 3 4 5 |  5.0
Evocations     | 6 8 9 10 11 12 | 12.0
Shields        | 4 5 |  5.6
Crossbows      | 4 7 9 10 | 10.0
Transmutations | 3 4 |  4.0
Earth Magic    | 3 4 |  4.0
Spellcasting   | 2 4 |  4.0
Translocations | 2 4 |  4.0
Air Magic      | 5 6 |  6.0

Action                   |  1- 3 |  4- 6 |  7- 9 | 10-12 | 13-15 | 16-18 | 19-21 || total
-------------------------+-------+-------+-------+-------+-------+-------+-------++-------
Melee: Dagger            |    16 |       |       |       |       |       |       ||    16
       Short sword       |    36 |   114 |   215 |   880 |  1760 |  1663 |    28 ||  4696
       Punch             |       |       |       |     1 |     4 |       |       ||     5
       Scimitar          |       |       |       |       |   150 |   398 |       ||   548
       Rapier            |       |       |       |       |       |    19 |   353 ||   372
       Demon blade       |       |       |       |       |       |   355 |   320 ||   675
Throw: Dart              |       |     1 |    15 |    31 |    16 |   140 |    28 ||   231
       Boomerang         |       |       |     2 |     7 |    59 |    20 |     4 ||    92
       Stone             |       |       |     1 |       |       |       |       ||     1
 Cast: Passwall          |       |       |       |       |       |     2 |       ||     2
Invok: Heroism           |       |       |     2 |     5 |    23 |    17 |     5 ||    52
       Finesse           |       |       |       |     6 |    10 |     6 |     2 ||    24
Evoke: Wand              |       |       |       |     4 |     5 |    22 |    25 ||    56
  Use: Potion            |       |       |     2 |     3 |     4 |     8 |     2 ||    19
       Scroll            |       |       |     6 |     5 |    15 |    18 |     7 ||    51
 Stab: Sleeping          |    21 |    15 |    20 |    52 |    51 |    93 |     7 ||   259
       Distracted        |       |     2 |       |     3 |     4 |     9 |     3 ||    21
       Invisible         |       |       |       |     5 |       |     2 |       ||     7
       Paralysed         |       |       |       |       |       |     2 |       ||     2
Armor: Robe              |    15 |    25 |    39 |     7 |       |       |       ||    86
       Skin              |       |       |     4 |       |     2 |       |       ||     6
       Steam dragon scal |       |       |       |    44 |       |       |       ||    44
       Troll leather arm |       |       |       |    92 |   241 |   363 |       ||   696
       Leather armour    |       |       |       |       |    23 |       |       ||    23
       Ring mail         |       |       |       |       |     7 |     7 |       ||    14
       Acid dragon scale |       |       |       |       |       |    30 |       ||    30
       Chain mail        |       |       |       |       |       |    95 |   141 ||   236
Dodge: Dodged            |    33 |    73 |   152 |   597 |  1084 |  1377 |   201 ||  3517
Block: Buckler           |       |       |       |       |   314 |  1069 |   243 ||  1626
       Reflection        |       |       |       |       |       |    22 |     9 ||    31

Table legend: (Time is in decaauts)
 A = Elapsed time spent in this place.
 B = Non-inter-level travel time spent in this place.
 C = Inter-level travel time spent in this place.
 D = Time resting spent in this place.
 E = Time spent auto-exploring this place.
 F = Levels seen in this place.
 G = Mean time per level.
                   A        B        C        D        E       F      G
               +--------+--------+--------+--------+--------+-----+--------+
         Total |  60166 |  55621 |   4545 |  15359 |  17997 |  34 | 1769.6 |
       Dungeon |  23808 |  21479 |   2329 |   4112 |  11534 |  15 | 1587.2 |
        Temple |      1 |      1 |      0 |      0 |      0 |   1 |    1.0 |
          Lair |  10124 |   9297 |    827 |    999 |   4116 |   6 | 1687.3 |
        Shoals |  11523 |  11316 |    207 |   6433 |    267 |   4 | 2880.8 |
   Spider Nest |   8632 |   7767 |    865 |   1950 |   1514 |   4 | 2158.0 |
  Orcish Mines |   3599 |   3284 |    315 |    528 |    501 |   2 | 1799.5 |
        Bailey |    575 |    575 |      0 |      0 |     64 |   1 |  575.0 |
      Ice Cave |   1901 |   1901 |      0 |   1335 |      0 |   1 | 1901.0 |
               +--------+--------+--------+--------+--------+-----+--------+

Top non-repeatable levels by time:
Shoals:3: 4712 daAuts
     D:8: 3297 daAuts
  Lair:2: 2926 daAuts
Spider:1: 2904 daAuts
    D:11: 2446 daAuts
Shoals:4: 2433 daAuts
     D:5: 2315 daAuts
    D:15: 2297 daAuts
Shoals:2: 2275 daAuts
  Lair:4: 2190 daAuts
Shoals:1: 2102 daAuts
Spider:2: 2060 daAuts
Spider:4: 2032 daAuts
   IceCv: 1901 daAuts
   Orc:1: 1884 daAuts
